 Dungeon Crawl Stone Soup version 0.29.1-12-g30fa7ad0bf (webtiles) character file.

Game seed: 5348896707618787004

2536 wormed the Cleaver (level 9, -14/106 HPs)
             Began as a Minotaur Berserker on Dec 23, 2022.
             Was an Elder of Trog.
             Demolished by an orc warrior
             ... wielding a +0 war axe
              (19 damage)
             ... in a bailey on Dec 24, 2022.
             The game lasted 00:16:42 (7817 turns).

wormed the Cleaver (Minotaur Berserker)             Turns: 7817, Time: 00:16:44

Health: -14/106    AC: 12    Str: 25    XL:     9   Next: 30%
Magic:  8/8        EV: 11    Int:  4    God:    Trog [****..]
Gold:   333        SH:  0    Dex: 11    Spells: 8/8 levels left

rFire   . . .      SeeInvis .   a - +0 hand axe
rCold   . . .      Faith    .   (no shield)
rNeg    . . .      Spirit   .   C - +0 plate armour
rPois   +          Reflect  .   (helmet restricted)
rElec   .          Harm     .   y - +0 cloak
rCorr   .          Rampage  .   (no gloves)
Will    .....                   (no boots)
Stlth   ..........              (no amulet)
HPRegen 0.27/turn               A - +4 ring of evasion
MPRegen 0.11/turn               w - ring of poison resistance

@: berserking (expiring), very quick
A: horns 2, retaliatory headbutt
a: Renounce Religion, Berserk, Trog's Hand, Brothers in Arms


You were in a bailey.
You worshipped Trog.
Trog was greatly pleased with you.
You visited 1 branch of the dungeon, and saw 7 of its levels.
You also visited: Bailey.

You collected 355 gold pieces.
You spent 22 gold pieces at shops.

Inventory:

Hand Weapons
 a - a +0 hand axe (weapon)
Missiles
 c - 14 poisoned darts (quivered)
 q - 2 curare-tipped darts
Armour
 y - a +0 cloak (worn)
 C - a +0 plate armour (worn)
Jewellery
 w - a ring of poison resistance (right hand)
 A - a +4 ring of evasion (left hand)
 E - the ring of the Philosopher {rC+ rN+ Str+3 Dex+5}
   (You took it off a gnoll in a bailey)

   [ring of protection from cold]

   Str:       It affects your strength (+3).
   Dex:       It affects your dexterity (+5).
   rC:        It protects you from cold.
   rN:        It protects you from negative energy.
Wands
 d - a wand of light (8)
 n - a wand of flame (14)
 o - a wand of polymorph (28)
 r - a wand of roots (14)
Scrolls
 b - 6 scrolls of magic mapping {unknown}
 f - 3 scrolls of noise {unknown}
 g - 3 scrolls of identify
 h - a scroll of enchant weapon {unknown}
 j - 3 scrolls of fear {unknown}
 m - a scroll of brand weapon {unknown}
 u - a scroll of teleportation {unknown}
 x - a scroll of vulnerability {unknown}
 B - a scroll of summoning {unknown}
Potions
 e - 3 potions of mutation
 i - a potion of might
 k - 2 potions of attraction
 l - a potion of flight
 p - a potion of cancellation
 s - 2 potions of curing
 t - a potion of magic {unknown}
 v - 2 potions of resistance {unknown}
 z - a potion of berserk rage {unknown}
 D - 2 potions of haste {unknown}


   Skills:
 - Level 4.0 Fighting
 + Level 13.2 Axes
 - Level 3.0 Armour
 - Level 3.0 Dodging
 + Level 5.2 Evocations


You had 8 spell levels left.
You didn't know any spells.
Your spell library was empty.

Dungeon Overview and Level Annotations

Branches:
Dungeon (7/15)             Temple (0/1) D:7          Bailey (1/1)

Altars:
Cheibriados
Elyvilon
Kikubaaqudgha

Shops:
D:1 *   D:6 ?:!


Innate Abilities, Weirdness & Mutations

You have a pair of horns on your head.
You reflexively headbutt those who attack you in melee.


Message History

You hit the orc knight but do no damage.
The orc knight is heavily wounded.
The orc knight hits you with a +0 war axe.
You slash the orc knight!
The orc knight is heavily wounded.
You barely miss the orc knight.
The orc knight is heavily wounded.
The orc knight hits you with a +0 war axe.
You hit the orc knight.
The orc knight is severely wounded.
You slash the orc knight!
You headbutt the orc knight, but do no damage.
The orc knight is severely wounded.
You closely miss the orc knight. Your headbutt misses the orc knight.
The orc knight is severely wounded.
You hit the orc warrior.
The orc warrior is lightly wounded.
You hit the orc knight. You closely miss the orc warrior.
The orc warrior is lightly wounded.
You closely miss the orc knight.
The orc knight hits you with a +0 war axe!
* * * LOW HITPOINT WARNING * * *
The orc warrior hits you with a +0 war axe!
* * * LOW HITPOINT WARNING * * *
You are too berserk!
You closely miss the orc knight. Your headbutt misses the orc knight.
The orc knight is severely wounded.
You closely miss the orc warrior.
You are too berserk!
You closely miss the orc knight. Your headbutt misses the orc knight.
The orc knight is severely wounded.
You hit the orc warrior but do no damage.
You slash the orc knight!
The orc knight is almost dead.
You completely miss the orc warrior.
The orc knight hits you with a +0 war axe.
* * * LOW HITPOINT WARNING * * *
The orc warrior hits you with a +0 war axe!!
You die...

##....)##.........##.....##
#######.....).)...#######
##....)....## #.........#
##.......## #....)..#
##.....## ♣##o''##♣♣
♣.@o.....♣ ♣♣♣.......♣♣
♣.....∩....♣ ♣♣.........♣♣
♣.....∩.....♣ ♣♣..........♣
♣.♣......♣♣♣ ♣♣♣♣♣♣♣♣♣♣


You could see an orc knight and an orc warrior (strong).

Vanquished Creatures
  Sigmund (D:3)
  Duvessa (D:6)
  A water moccasin (D:5)
  7 orc warriors (Bailey)
  A black bear (D:7)
  A phantom (D:6)
  An ogre (D:4)
  A kobold brigand (D:7)
  A bullfrog (D:7)
  4 necrophages
  A scorpion (D:6)
  Dowan (D:6)
  A howler monkey (D:7)
  2 hounds
  Crazy Yiuf (D:4)
  2 jellies
  An orc priest (D:4)
  Ijyb (D:3)
  Jessica (D:3)
  5 iguanas
  An orc wizard (D:4)
  Natasha (thrice) (D:3)
  8 gnolls
  Robin (D:4)
  7 adders
  A white imp (D:7)
  2 dart slugs
  14 orcs
  An endoplasm (D:2)
  4 giant cockroaches
  12 hobgoblins
  8 jackals
  12 kobolds
  3 quokkas
  6 ball pythons
  3 bats
  2 frilled lizards
  21 goblins
  5 rats
149 creatures vanquished.

Vanquished Creatures (others)
  7 withered plants (D:6)
7 creatures vanquished.

Grand Total: 156 creatures vanquished

Notes
Turn   | Place    | Note
-------+----------+-------------------------------------------
     0 | D:1      | wormed the Minotaur Berserker began the quest for the Orb.
     0 | D:1      | Reached XP level 1. HP: 19/19 MP: 0/0
   223 | D:1      | Found Irysiwul's General Store.
   226 | D:1      | Bought a scroll of identify for 22 gold pieces
   378 | D:1      | Reached XP level 2. HP: 27/27 MP: 1/1
   688 | D:1      | Reached skill level 4 in Axes
  1174 | D:2      | Reached XP level 3. HP: 30/33 MP: 2/2
  1178 | D:2      | Reached ** piety under Trog
  1416 | D:2      | Found a faded altar of an unknown god.
  1652 | D:3      | Noticed Sigmund
  1669 | D:3      | Killed Sigmund
  1670 | D:3      | Reached skill level 6 in Axes
  1670 | D:3      | Reached XP level 4. HP: 40/40 MP: 3/3
  1670 | D:3      | Reached XP level 5. HP: 46/46 MP: 4/4
  1673 | D:3      | Noticed Ijyb
  1687 | D:3      | Killed Ijyb
  1688 | D:3      | Reached skill level 7 in Axes
  1996 | D:3      | Reached XP level 6. HP: 50/52 MP: 5/5
  2195 | D:3      | Noticed Natasha
  2201 | D:3      | Killed Natasha
  2473 | D:3      | Noticed Jessica
  2481 | D:3      | Killed Jessica
  2482 | D:3      | Noticed Natasha
  2487 | D:3      | Killed Natasha
  2488 | D:3      | Reached skill level 8 in Axes
  2876 | D:3      | Noticed Natasha
  2884 | D:3      | Killed Natasha
  3060 | D:4      | Noticed Robin
  3071 | D:4      | Killed Robin
  3073 | D:4      | Reached *** piety under Trog
  3314 | D:4      | Reached skill level 9 in Axes
  3314 | D:4      | Reached XP level 7. HP: 59/59 MP: 6/6
  3461 | D:4      | Found a runed translucent door.
  3462 | D:4      | Noticed Crazy Yiuf
  4186 | D:4      | Killed Crazy Yiuf
  4244 | D:5      | Entered Level 5 of the Dungeon
  4357 | D:5      | Reached skill level 10 in Axes
  4634 | D:5      | Reached skill level 11 in Axes
  4634 | D:5      | Reached XP level 8. HP: 35/66 MP: 7/7
  5288 | D:6      | Noticed Dowan
  5291 | D:6      | Noticed Duvessa
  5303 | D:6      | Killed Duvessa
  5304 | D:6      | Reached skill level 1 in Evocations
  5304 | D:6      | Killed Dowan
  5380 | D:6      | Found a snail-covered altar of Cheibriados.
  5443 | D:6      | Found Xuejaf's Distillery.
  5491 | D:6      | Found Qarain Rosu's Magic Scroll Boutique.
  5502 | D:6      | Found Axagg's Book Shoppe.
  5747 | D:6      | Reached skill level 12 in Axes
  5765 | D:6      | Found an ancient bone altar of Kikubaaqudgha.
  6279 | D:7      | Found a white marble altar of Elyvilon.
  6520 | D:7      | Found a staircase to the Ecumenical Temple.
  6814 | D:7      | Found a flagged portal.
  6827 | Bailey   | Entered a bailey
  6960 | Bailey   | Reached **** piety under Trog
  6968 | Bailey   | Reached XP level 9. HP: 37/71 MP: 8/8
  7575 | Bailey   | Reached skill level 13 in Axes
  7577 | Bailey   | Identified the ring of the Philosopher {rC+ rN+ Str+3
                  | Dex+5}
  7773 | Bailey   | Noticed an orc knight
  7777 | Bailey   | Reached skill level 5 in Evocations
  7817 | Bailey   | HP: 5/106 [orc knight/+0 war axe (4)]
  7817 | Bailey   | Demolished by an orc warrior

Illustrated notes

Levels and vault maps discovered:
D:1:      lightli_arrival_chessboard, layout_loops_corners, serial_shops,
          nicolae_shop_behind_doors
D:2:      layout_rooms, ebering_ecumenical_altar_webs, hangedman_decor_riveting
D:3:      layout_basic, uniq_ijyb, uniq_jessica, uniq_natasha, uniq_sigmund
D:4:      layout_loops_ring, uniq_robin, uniq_crazy_yiuf_cottage
D:5:      layout_rooms, minmay_misc_feat_tiny
D:6:      layout_basic, mainiacjoe_overflow_paths, kiku_gazebo_garden_becter,
          serial_curves, eino_curves_04, eino_curves_01, eino_curves_01,
          serial_shops, nicolae_take_the_stairs, nicolae_diamond_shop, shop,
          uniq_duvessa
D:7:      layout_loops_cross, general_overflow_altar, minmay_temple_entry_waves,
          enter_bailey_7
Bailey:   bailey_axe_minmay_hex_keep, bailey

Skill      XL: |  1  2  3  4  5  6  7  8  9 |
---------------+----------------------------+-----
Fighting       | 4 |  4.0
Axes           | 4 6 7 9 11 12 13 | 13.2
Armour         | 3 |  3.0
Dodging        | 3 |  3.0
Evocations     | 4 5 |  5.2

Action                   |  1- 3 |  4- 6 |  7- 9 || total
-------------------------+-------+-------+-------++-------
Melee: Hand axe          |    82 |   111 |   272 ||   465
       Headbutt          |     9 |    17 |    48 ||    74
       Unarmed           |       |     3 |     6 ||     9
       Punch             |       |     1 |     3 ||     4
Invok: Berserk           |     1 |       |     4 ||     5
Evoke: Wand              |       |       |     1 ||     1
  Use: Scroll            |       |       |     6 ||     6
Armor: Animal skin       |     5 |       |       ||     5
       Scale mail        |    14 |    42 |    18 ||    74
       Skin              |       |     2 |     2 ||     4
       Plate armour      |       |       |    39 ||    39
Dodge: Dodged            |    51 |    51 |   109 ||   211
